 Dungeon Crawl Stone Soup version 0.30-a0-953-g5f1da4a474 (console) character file.

Game seed: 14460347371955880121

112966 jejorda2 the Phalangite (level 16, -2/190 HPs)
             Began as a Merfolk Berserker on Mar 28, 2023.
             Was a High Priest of Trog.
             Slain by an orc warlord
             ... wielding a +3 war axe
              (25 damage)
             ... on level 1 of the Orcish Mines.
             The game lasted 01:10:44 (27841 turns).

jejorda2 the Phalangite (Merfolk Berserker)        Turns: 27841, Time: 01:10:45

Health: -2/190     AC: 34    Str: 23    XL:     16   Next: 61%
Magic:  13/16      EV:  6    Int: 12    God:    Trog [*****.]
Gold:   1414       SH:  0    Dex: 17    Spells: 15/15 levels left

rFire   + . .      SeeInvis .    a - +4 glaive (flame)
rCold   + . .      Faith    +    (shield currently unavailable)
rNeg    . . .      Spirit   .    U - +0 crystal plate armour {rC+}
rPois   +          Reflect  .    F - +0 helmet
rElec   .          Rampage  .    i - +0 cloak
rCorr   .                        Q - +2 pair of gloves {infuse}
Will    +....                    S - +5 pair of boots of Defence {Regen+ Int+3} Stlth
                                 G - amulet of faith
HPRegen 1.31/turn                m - ring of protection from fire
MPRegen 0.15/turn                y - ring "Kapyr" {rPois Dex+4}

@: berserking, very quick
A: (nimble swimmer 2), mertail
a: Renounce Religion, Berserk, Trog's Hand, Brothers in Arms


You were on level 1 of the Orcish Mines.
You worshipped Trog.
Trog was extremely pleased with you.
You visited 3 branches of the dungeon, and saw 22 of its levels.
You also visited: Gauntlet and Ice Cave.

You collected 2227 gold pieces.
You spent 813 gold pieces at shops.

Inventory:

Hand Weapons
 a - a +4 glaive of flaming (weapon)
 T - a +6 heavy bardiche
Missiles
 b - 3 throwing nets
 j - 183 stones
 k - 8 datura-tipped darts
 s - 12 boomerangs
 t - 11 atropa-tipped darts
 K - 21 poisoned darts (quivered)
 M - 14 silver javelins
Armour
 i - a +0 cloak (worn)
 F - a +0 helmet (worn)
 Q - a +2 pair of gloves of infusion (worn)
 S - the +5 pair of boots of Defence (worn) {Regen+ Int+3}
   (You acquired it on level 2 of the Lair of Beasts)

   Int:       It affects your intelligence (+3).
   Regen:     It increases your rate of health regeneration.
 U - a +0 crystal plate armour of cold resistance (worn)
Jewellery
 m - a ring of protection from fire (left hand)
 r - a ring of see invisible
 y - the ring "Kapyr" (right hand) {rPois Dex+4}
   (You took it off a minotaur in a Gauntlet)

   [ring of poison resistance]

   Dex:       It affects your dexterity (+4).
   rPois:     It protects you from poison.
 G - an amulet of faith (around neck)
 H - a +5 ring of evasion
 O - a ring of resist corrosion
Wands
 d - a wand of flame (13)
 z - a wand of acid (7)
 C - a wand of roots (33)
 J - a wand of digging (6)
Scrolls
 f - 7 scrolls of poison
 p - 5 scrolls of teleportation
 w - a scroll of butterflies
 x - 2 scrolls of enchant weapon
 A - 6 scrolls of fear
 B - 2 scrolls of fog
 D - 2 scrolls of blinking
 P - 5 scrolls of immolation
 R - a scroll of magic mapping
Potions
 c - 6 potions of attraction
 e - 2 potions of invisibility
 g - 3 potions of resistance
 h - 12 potions of curing
 l - 15 potions of heal wounds
 n - 2 potions of cancellation
 o - a potion of flight
 u - 5 potions of might
 v - 2 potions of mutation
 N - 7 potions of haste
Miscellaneous
 L - a tin of tremorstones (2/2)


   Skills:
 - Level 12.0 Fighting
 + Level 21.5 Polearms
 * Level 15.0 Throwing
 - Level 12.0 Armour
 - Level 2.6 Dodging
 - Level 6.0 Evocations


You had 15 spell levels left.
You didn't know any spells.
Your spell library was empty.

Dungeon Overview and Level Annotations

Branches:
Dungeon (15/15)            Temple (0/1) D:7            Lair (5/5) D:9
  Swamp (0/4) Lair:3       Spider (0/4) Lair:3        Slime (0/5) Lair:5
    Orc (2/2) D:10         Vaults (0/5) D:14         Depths (0/4) D:15
  IceCv (visited)         Gauntlet (visited)
    Elf: Orc:2

Altars:
Cheibriados
Dithmenos
Kikubaaqudgha
Makhleb
Nemelex Xobeh
Qazlal
Sif Muna
Uskayaw
Vehumet
Yredelemnul
Zin
Jiyva

Shops:
D:2 [   D:10 [*[[=   D:11 ?   D:13 !


Innate Abilities, Weirdness & Mutations

((You are very nimble when in or above water. (Stealth+, EV+, Speed+++)))
Your lower body shifts to a powerful aquatic tail in water.


Message History

You climb upwards.
Reactivating autopickup.
There is a stone staircase leading down here.
Unknown command.
A red film seems to cover your vision as you go berserk!
You feel yourself moving faster!
You feel mighty!
The orc warrior hits you but does no damage. x2
The orc warlord hits you with a +0 war axe!
The orc warlord hits you with a +3 war axe!!
You slash the orc warlord! You burn the orc warlord.
The orc warlord is lightly wounded.
The orc warrior hits you but does no damage.
The orc warrior closely misses you.
The orc warlord hits you with a +0 war axe!!!
The orc warlord hits you with a +3 war axe!
The orc warrior barely misses you. The ogre hits you but does no damage.
You slash the orc warlord! You burn the orc warlord.
The orc warlord is moderately wounded.
You closely miss the orc warlord.
The orc warlord is moderately wounded.
The orc warrior hits you with a +0 broad axe!
The orc warrior hits you but does no damage.
The orc warlord hits you with a +0 war axe!!
* * * LOW HITPOINT WARNING * * *
The orc warlord hits you with a +3 war axe!
* * * LOW HITPOINT WARNING * * *
The orc warrior hits you but does no damage.
You slice the orc warlord!! You burn the orc warlord.
The orc warlord is severely wounded.
The ogre barely misses you.
You closely miss the orc warlord.
The orc warlord is severely wounded.
The orc warrior hits you with a +0 broad axe!
* * * LOW HITPOINT WARNING * * *
The orc warlord hits you but does no damage.
The orc warrior hits you with a +0 hand axe!
* * * LOW HITPOINT WARNING * * *
The orc warrior completely misses you.
The orc warlord hits you with a +3 war axe!!
You die...

###.####....#..........#
##....#................##
#..........#.#....#.....##
##..#.......#............#
#####......##...........#
###....##..........##
######.#..............#
##.##........Ooo......##
#............o@o.......#
##...........o.[......##
##....................#
##.....>..............##
#...#..............#...#
##.##.................##
###....#............##
##.........#.....##
###.....###......##


You could see 2 orc warlords, 3 orc warriors and an ogre.

Vanquished Creatures
  Gastronok (Lair:3)
  Louise (D:14)
  Nessos (Lair:5)
  Azrael (D:14)
  A dire elephant (Lair:5)
  A minotaur (Gauntlet)
  Snorg (D:14)
  A fire dragon (D:15)
  An ice dragon (D:15)
  4 vault guards (D:14)
  2 ogre magi
  Fannar (D:10)
  4 centaur warriors
  Erica (D:8)
  6 two-headed ogres
  5 hydras
  2 boulder beetles
  The ghost of coolguy69 the Brawler, a journeyman VSMo of Okawaru (Lair:3)
  2 ironbound frosthearts (IceCv)
  3 tengu warriors
  Urug (D:10)
  10 death yaks
  A spectral death yak (Lair:5)
  2 skysharks
  A spectral anaconda (Lair:5)
  An obsidian statue (Lair:5)
  3 orc knights
  A bog body (Lair:3)
  4 deep elf pyromancers
  An orange crystal statue (D:9)
  2 necromancers (Lair:5)
  A manticore (D:12)
  22 elephants
  24 ugly things
  A moth of wrath (Gauntlet)
  9 cyclopes
  An ice statue (IceCv)
  A dire elephant zombie (Lair:5)
  2 torpor snails (Lair:3)
  4 black mambas
  A kobold demonologist (D:13)
  A gargoyle (D:13)
  A freezing wraith (D:14)
  Maggie (D:10)
  2 unseen horrors
  14 komodo dragons
  11 cane toads
  Psyche (D:10)
  5 rime drakes
  A tengu conjurer (D:15)
  3 meliai (D:14)
  A hornet (D:10)
  A queen bee (Gauntlet)
  15 polar bears
  9 trolls
  3 dream sheep (Lair:4)
  5 jumping spiders (Lair:3)
  Sigmund (D:4)
  2 culicivoras (Lair:3)
  11 slime creatures
  A centaur simulacrum (D:14)
  A vampire (D:10)
  5 fire elementals (D:14)
  3 wraiths
  77 yaks
  3 wyverns
  2 shadows (D:12)
  2 steam dragons
  2 redbacks (Lair:3)
  7 basilisks
  2 death yak simulacra (Lair:5)
  Edmund (D:5)
  5 vampire mosquitoes
  3 wargs
  A spectral cane toad (Lair:5)
  An acid dragon (D:11)
  17 water moccasins
  2 black bears
  3 hell hounds (D:14)
  A sky beast (D:8)
  3 ice beasts
  15 orc warriors
  25 wolves
  5 centaurs
  6 ogres
  3 elephant skeletons (Lair:5)
  7 kobold brigands
  A gnoll sergeant (D:9)
  3 scorpions (D:5)
  10 bullfrogs
  A two-headed ogre simulacrum (D:11)
  3 cane toad simulacra (Lair:5)
  8 wights
  19 killer bees
  2 elephant simulacra (Lair:5)
  10 electric eels
  5 howler monkeys
  A centaur zombie (D:4)
  2 jellies
  A lava snake (Lair:4)
  13 orc priests
  3 hounds
  Jessica (D:2)
  A sleepcap (D:7)
  8 iguanas
  14 orc wizards
  A spriggan simulacrum (D:11)
  A troll simulacrum (D:11)
  A hound zombie (D:4)
  5 gnolls
  10 adders
  2 shadow imps (D:6)
  3 white imps
  An ufetubus (D:5)
  3 worms (D:2)
  3 dart slugs
  92 orcs
  7 endoplasms
  5 giant cockroaches
  12 goblins
  4 hobgoblins
  8 jackals
  26 kobolds
  2 quokkas (D:3)
  14 ball pythons
  6 bats
  8 frilled lizards
  4 rats
748 creatures vanquished.

Vanquished Creatures (collateral kills)
  A dire elephant (Lair:5)
  A necromancer (Lair:5)
  An ugly thing (D:15)
  2 dream sheep (Lair:4)
  A kobold brigand (D:9)
  An electric eel (Lair:4)
  3 kobolds (D:9)
10 creatures vanquished.

Vanquished Creatures (others)
  The ghost of jasper the Arsonist, a journeyman DsCA of Ignis (Lair:2)
  25 fungi
  109 plants
  17 withered plants (Lair:5)
152 creatures vanquished.

Grand Total: 910 creatures vanquished

Notes
Turn   | Place    | Note
-------+----------+-------------------------------------------
     0 | D:1      | jejorda2 the Merfolk Berserker began the quest for the Orb.
     0 | D:1      | Reached XP level 1. HP: 18/18 MP: 1/1
    64 | D:1      | Reached XP level 2. HP: 24/24 MP: 2/2
   283 | D:1      | Reached XP level 3. HP: 28/29 MP: 3/3
   443 | D:1      | Reached ** piety under Trog
   500 | D:1      | Reached skill level 5 in Polearms
   769 | D:2      | Reached XP level 4. HP: 30/37 MP: 4/4
   812 | D:2      | Noticed Jessica
   833 | D:2      | Killed Jessica
   876 | D:2      | You fall into a shaft and drop 1 floor!
  1567 | D:2      | Reached XP level 5. HP: 40/42 MP: 5/5
  1605 | D:2      | Reached skill level 6 in Polearms
  1799 | D:2      | Reached *** piety under Trog
  2113 | D:2      | Found Wewiemo's Antique Armour Shop.
  2122 | D:2      | Bought a glowing scale mail for 168 gold pieces
  2433 | D:4      | Reached XP level 6. HP: 34/49 MP: 6/6
  2524 | D:4      | Found a burning altar of Makhleb.
  2845 | D:4      | Noticed Sigmund
  2858 | D:4      | Killed Sigmund
  2859 | D:4      | Reached skill level 5 in Fighting
  2859 | D:4      | Reached skill level 7 in Polearms
  2859 | D:4      | Reached XP level 7. HP: 56/56 MP: 7/7
  3091 | D:4      | Found a basalt altar of Yredelemnul.
  3290 | D:5      | Entered Level 5 of the Dungeon
  3299 | D:5      | Noticed Edmund
  3315 | D:5      | Killed Edmund
  3316 | D:5      | Reached skill level 8 in Polearms
  3482 | D:5      | Reached skill level 9 in Polearms
  3659 | D:5      | Reached XP level 8. HP: 63/64 MP: 8/8
  3694 | D:5      | Reached skill level 1 in Throwing
  3824 | D:5      | Reached skill level 10 in Polearms
  4209 | D:5      | Reached skill level 11 in Polearms
  4619 | D:6      | Found a stormy altar of Qazlal.
  4671 | D:6      | Found a hide-covered altar of Uskayaw.
  4680 | D:6      | Reached **** piety under Trog
  4685 | D:6      | Found a shimmering blue altar of Sif Muna.
  4762 | D:6      | Reached skill level 12 in Polearms
  4762 | D:6      | Reached XP level 9. HP: 59/69 MP: 9/9
  4986 | D:6      | Found a shadowy altar of Dithmenos.
  5215 | D:6      | Found a sparkling altar of Nemelex Xobeh.
  5656 | D:7      | Reached skill level 13 in Polearms
  5757 | D:7      | Found a staircase to the Ecumenical Temple.
  5934 | D:7      | Reached skill level 5 in Throwing
  6389 | D:7      | Identified the +0 ring mail of Fedhas's Generosity {Str+2}
  6471 | D:7      | Reached skill level 14 in Polearms
  6690 | D:7      | Reached XP level 10. HP: 57/76 MP: 10/10
  6913 | D:8      | Noticed Erica
  6921 | D:8      | Killed Erica
  6922 | D:8      | Reached skill level 15 in Polearms
  7048 | D:8      | Found a snail-covered altar of Cheibriados.
  7237 | D:8      | Reached ***** piety under Trog
  7742 | D:9      | Found a glowing silver altar of Zin.
  7869 | D:9      | Noticed a two-headed ogre
  7877 | D:9      | Killed a two-headed ogre
  7878 | D:9      | Reached skill level 16 in Polearms
  7878 | D:9      | Reached skill level 5 in Armour
  8009 | D:9      | Noticed an elephant
  8016 | D:9      | Killed an elephant
  8017 | D:9      | Reached XP level 11. HP: 81/81 MP: 11/11
  8031 | D:9      | Found a staircase to the Lair.
  8122 | D:9      | Reached skill level 17 in Polearms
  8379 | D:9      | Reached skill level 1 in Evocations
  8659 | D:9      | Noticed an orange crystal statue
  9047 | D:9      | Noticed a two-headed ogre
  9050 | D:9      | Killed an orange crystal statue
  9336 | D:10     | Entered Level 10 of the Dungeon
  9338 | D:10     | Noticed Psyche
  9346 | D:10     | Killed Psyche
  9470 | D:10     | Found Leshut's Armour Shoppe.
  9483 | D:10     | Bought a +0 pair of gloves for 63 gold pieces
  9550 | D:10     | Noticed Fannar
  9566 | D:10     | Killed Fannar
  9617 | D:10     | Found a staircase to the Orcish Mines.
  9632 | D:10     | Received a gift from Trog
  9925 | D:10     | Found Xiorher's Armour Shoppe.
  9967 | D:10     | Found Waggupn's Assorted Antiques.
  9974 | D:10     | Found Gimor's Antique Armour Emporium.
 10035 | D:10     | Reached skill level 18 in Polearms
 10165 | D:10     | Noticed Urug
 10176 | D:10     | Killed Urug
 10236 | D:10     | Found Domoarch's Jewellery Emporium.
 10290 | D:10     | Noticed Maggie
 10299 | D:10     | Killed Maggie
 10362 | D:10     | Found a radiant altar of Vehumet.
 10427 | D:10     | Noticed a boulder beetle
 10437 | D:10     | Killed a boulder beetle
 10732 | D:10     | Bought a +4 chain mail of poison resistance for 342 gold
                  | pieces
 10799 | Lair:1   | Entered Level 1 of the Lair of Beasts
 10812 | Lair:1   | Reached XP level 12. HP: 91/91 MP: 12/12
 11148 | Lair:1   | Reached skill level 19 in Polearms
 11280 | Lair:1   | Reached skill level 5 in Evocations
 11793 | D:10     | Bought a +1 pair of gloves of infusion for 198 gold pieces
 12035 | Lair:2   | Found a runed translucent door.
 12036 | Lair:2   | Noticed jasper's ghost (journeyman DsCA)
 12456 | Lair:2   | Identified a scroll of acquirement
 12456 | Lair:2   | Acquired the +5 pair of boots of Defence {Regen+ Int+3}
 12900 | Lair:2   | Reached skill level 20 in Polearms
 13231 | Lair:2   | Killed jasper's ghost
 13314 | Lair:3   | Noticed a skyshark
 13321 | Lair:3   | Killed a skyshark
 13386 | Lair:3   | Reached skill level 10 in Fighting
 13513 | Lair:3   | Reached XP level 13. HP: 104/104 MP: 7/13
 13818 | Lair:3   | Found a transporter.
 13818 | Lair:3   | Found a transporter.
 13827 | Lair:3   | Noticed coolguy69's ghost (journeyman VSMo)
 14266 | Lair:3   | Received a gift from Trog
 14376 | Lair:3   | Found a staircase to the Swamp.
 14638 | Lair:3   | Noticed Gastronok
 14652 | Lair:3   | Killed Gastronok
 14836 | Lair:3   | Found a hole to the Spider Nest.
 15204 | Lair:3   | Identified the +6 scale mail of Poor Excuses {rElec rC-
                  | Regen+ MP+9}
 15206 | Lair:3   | Identified the +8 chain mail of the Alphagorgon {rN+ Dex+2}
 15221 | Lair:3   | Killed coolguy69's ghost
 15579 | Lair:4   | Found a gate leading to a gauntlet.
 15593 | Gauntlet | Entered a Gauntlet
 15593 | Gauntlet | Found a transporter.
 15604 | Gauntlet | Found a transporter.
 15606 | Gauntlet | Found a transporter.
 15617 | Gauntlet | Found a transporter.
 15620 | Gauntlet | Found a transporter.
 15626 | Gauntlet | Noticed a reaper
 15627 | Gauntlet | Found a transporter.
 15648 | Gauntlet | Found a transporter.
 15649 | Gauntlet | Noticed an entropy weaver
 15659 | Gauntlet | Found a transporter.
 15671 | Gauntlet | Found a transporter.
 15686 | Gauntlet | Found a runed translucent door.
 15686 | Gauntlet | Found a runed translucent door.
 15690 | Gauntlet | Found a transporter.
 15704 | Gauntlet | Found a transporter.
 15706 | Gauntlet | Found a transporter.
 15752 | Gauntlet | Found a transporter.
 15766 | Gauntlet | Found a transporter.
 15862 | Gauntlet | Reached XP level 14. HP: 115/115 MP: 6/14
 16079 | Gauntlet | Identified the +0 helmet of the Eternal Fruit {rN+}
 16098 | Gauntlet | Identified the ring "Kapyr" {rPois Dex+4}
 16942 | Lair:5   | Entered Level 5 of the Lair of Beasts
 17081 | Lair:5   | Found a staircase to the Slime Pits.
 17082 | Lair:5   | Found a viscous altar of Jiyva.
 17085 | Lair:5   | Identified the +10 longbow of Midnight {heavy, Dex+3}
 17227 | Lair:5   | Reached skill level 10 in Throwing
 17699 | Lair:5   | Noticed Nessos
 17710 | Lair:5   | Killed Nessos
 17868 | Lair:5   | Noticed a dire elephant
 17868 | Lair:5   | Noticed a dire elephant
 18341 | Lair:5   | Received a gift from Trog
 18478 | Lair:5   | Identified the +4 scale mail of Grace {rElec rPois Will-
                  | rCorr}
 18546 | Lair:5   | Killed a dire elephant
 18549 | Lair:5   | Killed a dire elephant
 19313 | D:11     | Found The Oracle's Delphic Readings.
 19539 | D:11     | Found a frozen archway.
 19558 | IceCv    | Entered an ice cave
 19587 | IceCv    | Reached skill level 10 in Armour
 19693 | IceCv    | Reached XP level 15. HP: 120/120 MP: 8/15
 20647 | IceCv    | Received a gift from Trog
 21104 | D:11     | Identified the +4 quarterstaff "Ricevainy" {flame, SInv}
 21674 | D:12     | Found an ancient bone altar of Kikubaaqudgha.
 23013 | D:13     | Received a gift from Trog
 23195 | D:13     | Found Jenutt's Distillery.
 23206 | D:13     | Bought a potion of flight for 42 gold pieces
 23768 | D:14     | Found a glowing silver altar of Zin.
 24068 | D:14     | Reached XP level 16. HP: 70/127 MP: 0/16
 24186 | D:14     | Noticed Louise
 24190 | D:14     | Noticed Snorg
 24228 | D:14     | Killed Snorg
 24236 | D:14     | Killed Louise
 24440 | D:14     | Noticed Azrael
 24465 | D:14     | Killed Azrael
 24710 | D:14     | Found a gate to the Vaults.
 24965 | D:14     | Reached skill level 21 in Polearms
 25298 | D:15     | Entered Level 15 of the Dungeon
 25592 | D:15     | Found a staircase to the Depths.
 27508 | Orc:1    | Entered Level 1 of the Orcish Mines
 27628 | Orc:2    | Entered Level 2 of the Orcish Mines
 27651 | Orc:1    | Reached skill level 15 in Throwing
 27841 | Orc:1    | Slain by an orc warlord

Illustrated notes

Levels and vault maps discovered:
D:1:      saegor_arrival_simple_d, layout_rooms, minmay_ruptured
D:2:      layout_basic, serial_shops, nicolae_shop_crystal,
          cheibrodos_gnoll_hut, uniq_jessica
D:3:      layout_loops_ring
D:4:      layout_loops_cross, lemuel_zombie_altar_yredelemnul,
          mainiacjoe_overflow_brackets, uniq_sigmund
D:5:      lemuel_ice_spiral_2, layout_basic, uniq_edmund
D:6:      layout_basic, grunt_dithmenos_shadows, grunt_qazlal_sundering,
          nemelex_dance_club_becter, mainiacjoe_overflow_large_starburst
D:7:      layout_loops_corners, minmay_temple_entry_proselytizer
D:8:      layout_cave_pools, mainiacjoe_overflow_small_starburst,
          lightli_minifort, uniq_erica
D:9:      layout_long_grid, mainiacjoe_overflow_alcove_2, david_lair_generic,
          serial_bayou, serial_bayou_pond_b, serial_bayou_lake_a,
          serial_bayou_shore_b, serial_bayou_crossing, serial_bayou_lagoon_a,
          minivault_16, small_chamber_with_monster
D:10:     layout_roguey, mainiacjoe_overflow_alcove_4, hiddenorc2_lemuel,
          serial_shops, shop, nicolae_stop_n_shop_1, shop, shop, shop_fountains,
          uniq_psyche, uniq_urug, uniq_maggie, uniq_fannar
D:11:     layout_irregular_city, portal_ice_cave_entry_ice_simulacra,
          nicolae_nh_oracle_at_delphi
D:12:     layout_loops_cross, minivault_27, nicolae_kikubaaqudgha_miasma_corner
D:13:     layout_basic, serial_shops, shop, corexii_hall_statues_deadend,
          minmay_lizard_king
D:14:     layout_roguey, lightli_vaults_fourway_checkpoint, zin_scriptorium,
          uniq_azrael, uniq_louise, uniq_snorg
D:15:     grunt_enter_depths_hoard, layout_cave_pods, minmay_misc_feat_ornament
Lair:1:   layout_regular_city
Lair:2:   layout_loops_ring, hellmonk_ghost_happy_afterlife,
          serial_bayou_shore_b, serial_bayou_shore_b, serial_bayou_shore_b,
          lemuel_fruit_tree, grunt_megastairs_2, infiniplex_staircase_pool
Lair:3:   layout_regular_city, skrybe_swamp_entry_bodies,
          nicolae_spider_entry_tight_spaces, nzn_ghost_randoct,
          dreamdust_mushroom_princess, st_stairs_7, infiniplex_staircase_pool_2,
          uniq_gastronok
Lair:4:   layout_gridlike, gauntlet_entry_generic
Lair:5:   due_jungle_book, layout_gridlike, slime_entry_1, uniq_nessos
Orc:1:    layout_caves, serial_shops, shop, nicolae_shop_hallway_plus,
          nicolae_shop_crystal, nicolae_shop_advertising_works
          [nicolae_subvault_shop_adworks], minmay_shop_enchanted_jewellery,
          rock_pile
Orc:2:    kennysheep_orc_mage_school, layout_caves,
          nicolae_shop_overcharged_wands

Skill      XL: |  1  2  3  4  5  6  7  8  9 10 11 12 13 14 15 16 |
---------------+-------------------------------------------------+-----
Polearms       | 5 6 7 9 12 14 16 18 20 21 | 21.5
Armour         | 2 3 5 6 7 10 11 12 | 12.0
Fighting       | 4 5 6 7 10 12 | 12.0
Throwing       | 3 5 6 9 11 13 15 | 15.0
Evocations     | 3 6 |  6.0
Dodging        | |  2.6

Action                     |  1- 3 |  4- 6 |  7- 9 | 10-12 | 13-15 | 16-18 || total
---------------------------+-------+-------+-------+-------+-------+-------++-------
  Melee: Spear             |   122 |   185 |       |       |       |       ||   307
         Punch             |       |     2 |       |       |     1 |       ||     3
         Halberd           |       |       |   277 |   226 |   433 |       ||   936
         Glaive            |       |       |       |   465 |   546 |   343 ||  1354
         Tailslap          |       |       |       |     7 |     7 |       ||    14
         Trident           |       |       |       |       |    86 |       ||    86
  Throw: Stone             |       |     3 |    11 |    14 |       |       ||    28
         Dart              |       |       |       |     1 |     2 |    10 ||    13
         Boomerang         |       |       |       |       |    40 |       ||    40
         Javelin           |       |       |       |       |     4 |       ||     4
 Invoke: Berserk           |     1 |     5 |     4 |    16 |    15 |     5 ||    46
         Trog's Hand       |       |     1 |     1 |    10 |    12 |     2 ||    26
         Brothers in Arms  |       |       |       |       |     6 |     1 ||     7
  Evoke: Tin of tremorston |       |       |       |       |     2 |       ||     2
         Wand              |       |       |       |       |       |     1 ||     1
    Use: Scroll            |       |       |    14 |    10 |     6 |     3 ||    33
         Potion            |       |       |       |     2 |     1 |       ||     3
   Stab: Sleeping          |     1 |     1 |       |       |       |       ||     2
         Distracted        |       |       |       |       |     1 |       ||     1
 Armour: Animal skin       |    13 |     3 |       |       |       |       ||    16
         Leather armour    |       |     5 |       |       |       |       ||     5
         Ring mail         |       |    10 |       |       |       |       ||    10
         Scale mail        |       |    15 |    80 |       |       |       ||    95
         Plate armour      |       |       |    11 |   123 |    89 |       ||   223
         Chain mail        |       |       |       |    92 |   188 |       ||   280
         Crystal plate arm |       |       |       |       |   108 |   237 ||   345
  Dodge: Dodged            |    42 |    59 |    90 |   220 |   342 |    95 ||   848

Table legend: (Time is in decaauts)
 A = Elapsed time spent in this place.
 B = Non-inter-level travel time spent in this place.
 C = Inter-level travel time spent in this place.
 D = Time resting spent in this place.
 E = Time spent auto-exploring this place.
 F = Levels seen in this place.
 G = Mean time per level.
                   A        B        C        D        E       F      G
               +--------+--------+--------+--------+--------+-----+--------+
         Total |  27450 |  25557 |   1893 |   3355 |  17474 |  24 | 1143.8 |
       Dungeon |  17603 |  16112 |   1491 |   1875 |  11341 |  15 | 1173.5 |
          Lair |   7589 |   7197 |    392 |   1105 |   4721 |   5 | 1517.8 |
  Orcish Mines |    321 |    312 |      9 |     92 |    159 |   2 |  160.5 |
      Ice Cave |   1351 |   1351 |      0 |    282 |    836 |   1 | 1351.0 |
      Gauntlet |    584 |    584 |      0 |      0 |    416 |   1 |  584.0 |
               +--------+--------+--------+--------+--------+-----+--------+

Top non-repeatable levels by time:
  Lair:5: 2158 daAuts
  Lair:3: 2068 daAuts
     D:9: 1773 daAuts
    D:14: 1663 daAuts
    D:15: 1583 daAuts
    D:10: 1517 daAuts
     D:7: 1414 daAuts
  Lair:2: 1368 daAuts
   IceCv: 1351 daAuts
    D:13: 1324 daAuts
     D:5: 1196 daAuts
     D:6: 1147 daAuts
  Lair:1: 1044 daAuts
     D:2: 1024 daAuts
     D:4: 1017 daAuts
